 Dungeon Crawl Stone Soup version 0.30.1-1-g62c8e00024 (webtiles) character file.

Game seed: 7294872804537641367

371 cheesebisquit the Chopper (level 6, -3/56 HPs)
             Began as a Hill Orc Fighter on July 17, 2023.
             Frozen to death by an endoplasm (5 damage)
             ... on level 3 of the Dungeon.
             The game lasted 00:04:01 (2208 turns).

cheesebisquit the Chopper (Hill Orc Fighter)        Turns: 2208, Time: 00:04:02

Health: -3/56      AC: -1    Str: 21    XL:     6   Next: 71%
Magic:  6/6        EV:  8    Int:  8    God:
Gold:   134        SH:  4    Dex: 10    Spells: 5/5 levels left

rFire   . . .        a - +0 war axe
rCold   . . .        c - +0 buckler
rNeg    . . .        s - +0 chain mail
rPois   .            (no helmet)
rElec   .            f - +0 cloak
rCorr   .            (no gloves)
SInv    .            (no boots)
Will    .....        (no amulet) Stlth
                     r - ring of flight
HPRegen 0.29/turn    (no ring)
MPRegen 0.10/turn

%: no passive effects
@: corroded, flying
A: no striking features
a: no special abilities


You were on level 3 of the Dungeon.
You visited 1 branch of the dungeon, and saw 3 of its levels.

You collected 134 gold pieces.

Inventory:

Hand Weapons
 a - a +0 war axe (weapon)
Missiles
 k - 6 poisoned darts (quivered)
Armour
 c - a +0 buckler (worn)
 f - a +0 cloak (worn)
 s - a +0 chain mail (worn)
Jewellery
 l - an amulet of faith
 r - a ring of flight (left hand)
Scrolls
 b - 4 scrolls of vulnerability {unknown}
 d - 2 scrolls of blinking {unknown}
 e - 2 scrolls of magic mapping {unknown}
 h - a scroll of immolation {unknown}
 i - 4 scrolls of identify {unknown}
 j - 3 scrolls of teleportation {unknown}
 n - a scroll of fear {unknown}
 u - a scroll of enchant weapon {unknown}
Potions
 g - 2 potions of attraction {unknown}
 m - a potion of degeneration {unknown}
 o - a potion of mutation {unknown}
 p - a potion of haste {unknown}
 q - a potion of heal wounds {unknown}
 t - a potion of curing {unknown}


   Skills:
 + Level 5.0 Fighting
 * Level 6.0 Axes
 + Level 4.6 Armour
 + Level 4.6 Shields


You had 5 spell levels left.
You didn't know any spells.
Your spell library was empty.

Dungeon Overview and Level Annotations

Branches:
Dungeon (3/15)

Altars:


Message History

You kill the endoplasm!
The endoplasm hits the fungus.
You slash the jelly!
Your hands burn!
The jelly is almost dead.
You hit the endoplasm.
You kill the endoplasm!
The jelly completely misses you.
The endoplasm hits the fungus.
The fungus begins to die.
You hit the jelly.
You kill the jelly!
You hit the jelly. The acid corrodes you!
Your hands burn!
The endoplasm hits the fungus.
The fungus begins to die.
The jelly barely misses you.
Your Axes skill increases to level 6!
You hit the jelly but do no damage. The acid corrodes you!
Your hands burn!
The jelly is heavily wounded.
You hit the endoplasm.
A nearby fungus withers and dies.
The endoplasm freezes you.
You are frozen.
The endoplasm hits the fungus.
The jelly hits you.
You are splashed with acid!
You hit the jelly but do no damage. The acid corrodes you!
Your hands burn!
The jelly is heavily wounded.
You hit the endoplasm but do no damage. You barely miss the endoplasm.
A nearby fungus withers and dies.
The endoplasm hits you.
The endoplasm hits the fungus.
The jelly hits you. The acid corrodes you!
You are splashed with acid!
The endoplasm freezes you.
You are frozen.
* * * LOW HITPOINT WARNING * * *
The endoplasm freezes you.
You are frozen.
* * * LOW HITPOINT WARNING * * *
The jelly hits you.
* * * LOW HITPOINT WARNING * * *
You are splashed with acid!
* * * LOW HITPOINT WARNING * * *
The endoplasm hits the fungus.
The endoplasm freezes you.
You are frozen.
You die...

#.### ### #^. #.#.#
#######.##....÷/##..#
##.#.###....#.#.#.PP.P.#
#....##.....#.#.#......#
...#.'......#'#)#.P.P..#
.))..'........#.#JJ....#
.>†..'........#.#P....P#
..)..##.......#.#J.÷÷..#
.....###......##@JJ...P#
.....############J.....#
......# ####### ..###.#
#.# #.# #.# #........
#.# #........ ..
..##..... .. ### .....


You could see a jelly and 5 endoplasms.

Vanquished Creatures
  Sigmund (D:2)
  A jelly (D:3)
  4 gnolls (D:3)
  4 adders
  4 worms
  12 endoplasms
  A giant cockroach (D:2)
  8 goblins
  6 hobgoblins
  3 jackals
  4 quokkas
  7 ball pythons
  9 bats
  2 frilled lizards
  11 kobolds
  9 rats
86 creatures vanquished.

Notes
Turn   | Place    | Note
-------+----------+-------------------------------------------
     0 | D:1      | cheesebisquit the Hill Orc Fighter began the quest for the
                  | Orb.
     0 | D:1      | Reached XP level 1. HP: 19/19 MP: 1/1
    31 | D:1      | Reached skill level 3 in Axes
    33 | D:1      | Reached XP level 2. HP: 27/27 MP: 2/2
   486 | D:1      | Reached XP level 3. HP: 33/33 MP: 3/3
   786 | D:2      | Noticed Sigmund
   803 | D:2      | Killed Sigmund
   804 | D:2      | Reached skill level 5 in Axes
   804 | D:2      | Reached XP level 4. HP: 14/41 MP: 4/4
   804 | D:2      | Reached XP level 5. HP: 16/47 MP: 5/5
  1212 | D:2      | Reached XP level 6. HP: 44/53 MP: 6/6
  1951 | D:3      | Found a faded altar of an unknown god.
  2005 | D:3      | Reached skill level 5 in Fighting
  2207 | D:3      | Reached skill level 6 in Axes
  2208 | D:3      | HP: 2/56 [acid (10)]
  2208 | D:3      | Frozen to death by an endoplasm

Illustrated notes

Levels and vault maps discovered:
D:1:      dpeg_arrival_tiny_j, layout_basic, serial_bayou, serial_bayou_pond_b,
          serial_bayou_pond_a, serial_bayou_ford_a, serial_bayou_pond_b,
          minmay_cut_off
D:2:      minmay_wonky_spiral, layout_loops_ring, uniq_sigmund
D:3:      cheibrodos_fertilizer, layout_rooms, serial_forest,
          infiniplex_forest_corner_1, infiniplex_forest_straight_3,
          infiniplex_forest_straight_3, infiniplex_forest_straight_3,
          infiniplex_forest_corner_1, infiniplex_forest_end_1,
          infiniplex_forest_clump_diagonal, ebering_ecumenical_altar_box,
          uniq_terence

Skill      XL: |  1  2  3  4  5  6 |
---------------+-------------------+-----
Axes           | 3 5 6 |  6.0
Fighting       | 4 5 |  5.0
Armour         | 4 |  4.6
Shields        | 4 |  4.6

Action                     |  1- 3 |  4- 6 || total
---------------------------+-------+-------++-------
  Melee: War axe           |    62 |   153 ||   215
    Use: Potion            |     1 |       ||     1
 Armour: Scale mail        |    30 |    24 ||    54
         Chain mail        |       |    53 ||    53
  Dodge: Dodged            |    23 |    63 ||    86
  Block: Buckler           |    15 |    40 ||    55
